 Dungeon Crawl Stone Soup version 0.30.1-11-g7821555f0a (webtiles) character file.

Game seed: 9823144088729591880

150 maumauz the Caller (level 5, -4/37 HPs)
             Began as a Merfolk Summoner on Jan 14, 2024.
             Was a Follower of Lugonu.
             Slain by a gnoll bouda
             ... wielding a +0 whip
              (6 damage)
             ... on level 4 of the Dungeon.
             The game lasted 00:49:44 (3499 turns).

maumauz the Caller (Merfolk Summoner)               Turns: 3499, Time: 00:49:44

Health: -4/37      AC:  4    Str:  8    XL:     5   Next: 32%
Magic:  9/9        EV: 18    Int: 17    God:    Lugonu [*.....]
Gold:   189        SH:  0    Dex: 14    Spells: 8/9 levels left

rFire   . . .        G - +0 dagger (vamp)
rCold   + . .        (no shield)
rNeg    . . .        L - +2 robe {rC+}
rPois   .            (no helmet)
rElec   .            (no cloak)
rCorr   .            (no gloves)
SInv    .            (no boots)
Will    .....        (no amulet)
Stlth   ++           k - +5 ring of evasion
HPRegen 0.26/turn    O - +4 ring of slaying
MPRegen 0.11/turn

%: no passive effects
@: weakened
A: (nimble swimmer 2), mertail
a: Renounce Religion, Depart the Abyss


You were on level 4 of the Dungeon.
You worshipped Lugonu.
Lugonu was aware of your devotion.
You visited 1 branch of the dungeon, and saw 4 of its levels.

You collected 189 gold pieces.

Inventory:

Hand Weapons
 e - a +0 mace
 f - a +0 club
 g - a +0 short sword
 h - a +0 hand axe
 t - a +0 whip
 u - a +0 dagger
 z - the +5 whip of Oraur {vamp, rF+ rC+ Int-5}
   (You found it on level 2 of the Dungeon)

   Int:       It affects your intelligence (-5).
   rF:        It protects you from fire.
   rC:        It protects you from cold.
 G - a +0 vampiric dagger (weapon)
 Z - a +0 flail
Missiles
 I - 2 poisoned darts
 U - 9 stones
Armour
 a - a +0 robe
 l - a +0 scale mail
 C - a +0 scale mail
 H - a +0 leather armour
 L - a +2 robe of cold resistance (worn)
 R - a +0 scale mail
 T - a +0 robe
 V - a +0 chain mail
 W - a +0 ring mail
 Y - a +0 robe
Magical Staves
 n - a staff of poison
 x - a staff of death
Jewellery
 k - a +5 ring of evasion (left hand)
 O - a +4 ring of slaying (right hand)
Wands
 o - a wand of polymorph (7)
Scrolls
 i - 4 scrolls of identify {unknown}
 q - 2 scrolls of enchant armour {unknown}
 B - 2 scrolls of teleportation {unknown}
 F - a scroll of vulnerability {unknown}
 N - a scroll of poison {unknown}
 Q - a scroll of fog {unknown}
Potions
 b - 2 potions of magic
 c - a potion of brilliance {unknown}
 d - 2 potions of degeneration {unknown}
 r - a potion of heal wounds {unknown}
 s - 4 potions of curing {unknown}
 w - a potion of attraction {unknown}
 M - a potion of lignification {unknown}
 S - a potion of resistance {unknown}


   Skills:
 + Level 1.1 Fighting
 * Level 2.8 Short Blades
 + Level 3.3 Dodging
 + Level 2.3 Stealth
 + Level 2.8 Spellcasting
 + Level 4.9 Summonings


You had 8 spell levels left.
You knew the following spells:

 Your Spells              Type           Power      Damage    Failure   Level
a - Summon Small Mammal   Summ           76%        N/A       2%          1

Your spell library contained the following spells:

 Spells                   Type           Power      Damage    Failure   Level
 Call Imp                 Summ           38%        N/A       3%          2
 Call Canine Familiar     Summ           19%        N/A       7%          3
 Summon Guardian Golem    Hex/Summ       10%        N/A       19%         3
 Summon Lightning Spire   Summ/Air       10%        N/A       54%         4


Dungeon Overview and Level Annotations

Branches:
Dungeon (4/15)
 Temple: D:4-7

Altars:
Hepliaklqana
Lugonu


Innate Abilities, Weirdness & Mutations

((You are very nimble when in or above water. (Stealth+, EV+, Speed+++)))
Your lower body shifts to a powerful aquatic tail in water.


Message History

Your quokka bites the gnoll bouda.
The gnoll hits you from afar with a +0 spear.
You closely miss the gnoll bouda.
The gnoll bouda is almost dead.
The gnoll bouda prays to its god.
The gnoll bouda is healed somewhat.
Your quokka bites the gnoll bouda.
The gnoll hits you from afar with a +0 spear!
You hit the gnoll bouda but do no damage.
The gnoll bouda is severely wounded.
Your quokka barely misses the gnoll bouda.
The gnoll bouda barely misses you.
You closely miss the gnoll bouda.
The gnoll bouda is severely wounded.
Your quokka bites the gnoll bouda.
The gnoll hits you from afar with a +0 spear.
* * * LOW HITPOINT WARNING * * *
The gnoll bouda gazes fiercely through you!
You feel as though you will be weak longer.
The gnoll bouda hits you with a +0 whip.
* * * LOW HITPOINT WARNING * * *
You barely miss the gnoll bouda.
The gnoll bouda is severely wounded.
The gnoll is no longer moving quickly.
Your quokka bites the gnoll bouda.
The gnoll hits you from afar with a +0 spear.
* * * LOW HITPOINT WARNING * * *
The gnoll bouda barks out a call to the hunt!
The gnoll picks up the pace!
Your quokka is no longer weakened.
Your quokka barely misses the gnoll bouda.
The gnoll bouda utters an invocation to its god.
The gnoll bouda is healed somewhat.
Your quokka barely misses the gnoll bouda.
Your quokka bites the gnoll bouda but does no damage.
Your quokka closely misses the gnoll bouda.
The gnoll bouda gazes fiercely through you!
You feel as though you will be weak longer.
Your quokka bites the gnoll.
The gnoll misses you.
The gnoll bouda hits you with a +0 whip.
You die...

#### ### ... g.#
.. ..# ..
.####..#...#
######.#.....#...#
+....@...#....g..#
###.g..###)#.#
#g##.#gg)#.#
#g####g#...#
#r..g#.#.###
####g#.#.#<# ###
#...#.#.## ...
#####....# ..
###..##.#


You could see a gnoll bouda and 2 gnolls.

Vanquished Creatures
  An orc wizard (D:3)
  A gnoll (D:4)
  An adder (D:2)
  2 worms
  3 dart slugs
  2 orcs (D:3)
  A ball python (D:2)
  A bat (D:2)
  A giant cockroach (D:2)
  6 goblins
  4 hobgoblins
  3 jackals (D:2)
  A quokka (D:2)
  2 frilled lizards (D:3)
  6 rats
35 creatures vanquished.

Vanquished Creatures (collateral kills)
  Ijyb (D:3)
  A gnoll (D:4)
  3 dart slugs
  2 orcs (D:3)
  2 ball pythons (D:2)
  A giant cockroach (D:1)
  2 hobgoblins (D:1)
  3 kobolds (D:1)
  A bat (D:1)
  2 rats (D:1)
18 creatures vanquished.

Grand Total: 53 creatures vanquished

Notes
Turn   | Place    | Note
-------+----------+-------------------------------------------
     0 | D:1      | maumauz the Merfolk Summoner began the quest for the Orb.
     0 | D:1      | Reached XP level 1. HP: 13/13 MP: 3/3
   170 | D:1      | Reached XP level 2. HP: 19/19 MP: 5/5
  1111 | D:2      | Reached XP level 3. HP: 17/25 MP: 4/6
  1702 | D:2      | Reached skill level 1 in Short Blades
  1727 | D:2      | Identified the +5 whip of Oraur {vamp, rF+ rC+ Int-5}
  2182 | D:2      | Reached skill level 1 in Fighting
  2185 | D:2      | Reached XP level 4. HP: 30/32 MP: 5/7
  2350 | D:3      | Noticed Ijyb
  2397 | D:3      | Killed Ijyb
  2864 | D:3      | Found a faded altar of an unknown god.
  2892 | D:3      | Prayed at the altar of an unknown god.
  2892 | D:3      | Became a worshipper of Lugonu the Unformed
  2892 | D:3      | Reached * piety under Lugonu
  3113 | D:3      | Reached XP level 5. HP: 14/37 MP: 9/9
  3255 | D:3      | Found a hazy altar of Hepliaklqana.
  3494 | D:4      | HP: 1/37 [gnoll/+0 spear[a gnoll bouda] (6)]
  3499 | D:4      | Slain by a gnoll bouda

Illustrated notes

Levels and vault maps discovered:
D:1:      sevenhm_arrival_forest_fort_small_6, layout_basic
D:2:      layout_basic, dreamdust_wishing_well
D:3:      layout_loops_ring, nicolae_hepliaklqana_hippocampus,
          ebering_ecumenical_altar_petrified, uniq_ijyb
D:4:      layout_basic, fedhas_ov_isle_minmay, minmay_temple_entry_tees

Skill      XL: |  1  2  3  4 |
---------------+-------------+-----
Dodging        | 3 |  3.3
Short Blades   | 1 2 |  2.8
Fighting       | 1 |  1.1
Stealth        | |  2.3
Spellcasting   | |  2.8
Summonings     | |  4.9

Action                     |  1- 3 |  4- 6 || total
---------------------------+-------+-------++-------
  Melee: Unarmed           |    26 |    12 ||    38
         Mace              |     2 |       ||     2
         Short sword       |   127 |    11 ||   138
         Punch             |     1 |     1 ||     2
         Dagger            |       |    68 ||    68
  Throw: Dart              |       |     2 ||     2
   Cast: Summon Small Mamm |    43 |    33 ||    76
   Stab: Distracted        |     2 |       ||     2
         Sleeping          |     2 |     1 ||     3
 Armour: Robe              |    16 |    10 ||    26
  Dodge: Dodged            |   135 |    67 ||   202
